 Dungeon Crawl Stone Soup version 0.27-a0-637-g3a9f0a9c12 (webtiles) character file.

Game seed: 7781771700996943310

125089 tilp the Black Belt (level 16, 0/140 HPs)
             Began as an Octopode Transmuter on Mar 13, 2021.
             Was a High Priest of Okawaru.
             Slain by a demonic crawler (7 damage)
             ... on level 1 of the Spider Nest on Mar 14, 2021.
             The game lasted 01:26:25 (45700 turns).

tilp the Black Belt (Octopode Transmuter)          Turns: 45700, Time: 01:26:26

Health: 0/140      AC: 19    Str: 23    XL:     16   Next: 94%
Magic:  0/25       EV: 14    Int: 21    God:    Okawaru [*****.]
Gold:   849        SH:  0    Dex: 18    Spells: 2/27 levels left

rFire    x . .     SeeInvis .     - Unarmed
rCold    + + +     Faith    .   (shield currently unavailable)
rNeg     . . .     Spirit   +   (helmet currently unavailable)
rPois    +         Reflect  .   E - amulet of guardian spirit
rElec    .         Harm     .   g - +6 ring of strength
rCorr    .         Rampage  .   B - +6 ring of dexterity
Will     +++..                  L - ring of willpower
Stlth    +++++.....             M - +4 ring of protection
HPRegen  0.33/turn              N - ring of poison resistance
MPRegen  0.19/turn              O - ring "Lagheh" {Will+ EV+4}
                                Q - +6 ring of strength
                                U - ring of protection from cold

@: ice-armoured, about to teleport, ice-form, heroic, wereblooded, frozen
ramparts, held
A: freezing attack, boosted hp, almost no armour, amphibious, 8 rings, large,
(camouflage 1), (gelatinous body 1), (nimble swimmer 1), (tentacles)
a: End Transformation, Renounce Religion, Heroism, Finesse


You were on level 1 of the Spider Nest.
You worshipped Okawaru.
Okawaru was extremely pleased with you.
You were a creature of crystalline ice.
You visited 5 branches of the dungeon, and saw 25 of its levels.
You also visited: Ice Cave.

You collected 3647 gold pieces.
You spent 2798 gold pieces at shops.

Inventory:

Missiles
 b - 70 poisoned darts (quivered)
 f - 10 silver javelins {!f}
 j - 44 boomerangs
 G - 9 javelins
 R - 3 curare-tipped darts {!f}
 Y - 3 atropa-tipped darts
Armour
 p - a +2 hat (melded)
 H - the +2 hat of Poor Excuses {Harm rF+ Str+2}
   (Okawaru gifted it to you on level 4 of the Lair of Beasts)

   It affects your strength (+2).
   It protects you from fire.
   It increases damage dealt and taken.
 I - a +3 buckler of fire resistance (melded)
 K - a +1 buckler of reflection
Jewellery
 g - a +6 ring of strength (left front paw)
 t - an amulet of reflection
 v - an amulet of magic regeneration
 B - a +6 ring of dexterity (right front paw)
 E - an amulet of guardian spirit (around neck)
 L - a ring of willpower (on tentacle)
 M - a +4 ring of protection (on tentacle)
 N - a ring of poison resistance (on tentacle)
 O - the ring "Lagheh" (on tentacle) {Will+ EV+4}
   (You bought it in a shop on level 2 of the Orcish Mines)

   [ring of evasion]

   It affects your evasion (+4).
   It affects your willpower, your defense against some magical effects.
 Q - a +6 ring of strength (on tentacle)
 U - a ring of protection from cold (on tentacle)
 W - a ring of positive energy
 X - a ring of resist corrosion
Wands
 o - a wand of acid (16)
 x - a wand of charming (20)
 y - a wand of polymorph (18)
 A - a wand of digging (9)
 D - a wand of paralysis (29)
 J - a wand of iceblast (28)
 T - a wand of flame (16)
Scrolls
 a - 4 scrolls of fog
 i - 13 scrolls of teleportation
 n - a scroll of blinking
 r - 4 scrolls of fear
 w - 7 scrolls of magic mapping
 C - 3 scrolls of identify
 S - a scroll of summoning
 V - a scroll of silence
Potions
 c - a potion of cancellation
 d - 11 potions of lignification
 e - 6 potions of mutation
 h - a potion of invisibility
 k - a potion of flight
 l - 2 potions of attraction
 m - a potion of resistance
 q - 2 potions of berserk rage
 s - 3 potions of haste
 u - 5 potions of heal wounds
 z - 8 potions of curing
 F - a potion of ambrosia
 P - 3 potions of might


   Skills:
 + Level 13.1(18.1) Fighting
 + Level 11.4(16.4) Dodging
 - Level 8.0(13.0) Stealth
 - Level 4.0(9.0) Shields
 + Level 15.8(20.8) Unarmed Combat
 - Level 6.0 Spellcasting
 - Level 2.0 Translocations
 - Level 10.0 Transmutations
 - Level 6.0 Ice Magic
 - Level 2.0 Poison Magic
 - Level 10.0 Invocations
 - Level 8.0 Evocations


You had 2 spell levels left.
You knew the following spells:

 Your Spells              Type           Power      Damage    Failure   Level
a - Beastly Appendage     Tmut           96%        N/A       1%          1
b - Wereblood             Tmut           48%        N/A       1%          2
c - Spider Form           Tmut/Pois      15%        N/A       2%          3
d - Ice Form              Ice/Tmut       39%        N/A       3%          4
e - Blade Hands           Tmut           24%        N/A       4%          5
f - Apportation           Tloc           28%        N/A       4%          1
g - Frozen Ramparts       Ice            62%        1d8       2%          3
h - Ozocubu's Armour      Ice            31%        N/A       2%          3
i - Corona                Hex            6%         N/A       10%         1
j - Blink                 Tloc           N/A        N/A       6%          2

Your spell library contained the following spells:

 Spells                   Type           Power      Damage    Failure   Level
 Freeze                   Ice            100%       1d11      1%          1
 Sting                    Tmut/Pois      100%       1d8       1%          1
 Passwall                 Tmut/Erth      22%        N/A       1%          2
 Animate Skeleton         Necr           12%        N/A       10%         1
 Magic Dart               Conj           24%        1d4       10%         1
 Sandblast                Erth           12%        2d6       10%         1
 Summon Small Mammal      Summ           24%        N/A       10%         1
 Poisonous Vapours        Pois/Air       20%        N/A       10%         2
 Call Imp                 Summ           6%         N/A       14%         2
 Slow                     Hex            6%         N/A       14%         2
 Sublimation of Blood     Necr           3%         N/A       14%         2
 Ignite Poison            Fire/Tmut/Pois 23%        N/A       5%          3
 Petrify                  Tmut/Erth      27%        N/A       12%         4
 Gell's Gravitas          Tloc           7%         N/A       13%         3
 Teleport Other           Tloc           14%        N/A       13%         3
 Mephitic Cloud           Conj/Pois/Air  9%         N/A       22%         3
 Alistair's Intoxication  Tmut/Pois      20%        N/A       22%         5
 Conjure Flame            Conj/Fire      6%         6-21      28%         3
 Stone Arrow              Conj/Erth      12%        3d7       28%         3
 Hailstorm                Conj/Ice       18%        3d6       28%         4
 Summon Ice Beast         Ice/Summ       18%        N/A       28%         4
 Irradiate                Conj/Tmut      13%        3d18      34%         5
 Manifold Assault         Tloc           14%        N/A       38%         4
 Olgreb's Toxic Radiance  Pois           14%        N/A       38%         4
 Passage of Golubria      Tloc           N/A        N/A       38%         4
 Summon Lightning Spire   Summ/Air       6%         N/A       67%         4
 Eringya's Noxious Bog    Tmut/Pois      15%        N/A       77%         6
 Bolt of Magma            Conj/Fire/Erth 3%         4d5       95%         5
 Iskenderun's Battlesphe  Conj           6%         2d6       95%         5
 Lee's Rapid Deconstruct  Erth           3%         3d6*      95%         5
 Iron Shot                Conj/Erth      3%         9d2       100%        6
 Orb of Destruction       Conj           3%         9d1       100%        7
 Spellforged Servitor     Conj/Summ      3%         N/A       100%        7


Dungeon Overview and Level Annotations

Branches:
Dungeon (15/15)            Temple (1/1) D:7            Lair (6/6) D:11
  Swamp (0/4) Lair:2       Spider (1/4) Lair:4        Slime (0/5) Lair:5
    Orc (2/2) D:10            Elf (0/3) Orc:2        Vaults (0/5) D:14
 Depths (0/5) D:15          IceCv (visited)

Altars:
Ashenzari
Cheibriados
Dithmenos
Elyvilon
Fedhas
Gozag
Hepliaklqana
Kikubaaqudgha
Makhleb
Nemelex Xobeh
Okawaru
Qazlal
Ru
Sif Muna
Trog
Uskayaw
Vehumet
Wu Jian
Xom
Yredelemnul
Zin
The Shining One

Shops:
D:6 ?(!!   Orc:2 (==:(!!(

Annotations:
D:14 3 runed translucent doors


Innate Abilities, Weirdness & Mutations

You are a creature of crystalline ice.
You have a powerful freezing melee attack.
Your maximum health is increased.
Your armour is entirely melded.
You are incapable of wielding weapons or throwing items.
You cannot wear most types of armour.
You are amphibious.
You can wear up to eight rings at the same time.
((Your skin changes colour to match your surroundings (Stealth+).))
((Your rubbery body absorbs attacks. (AC +1, EV +1)))
((You are stealthy while swimming. (Stealth+)))
((You have tentacles for arms and can constrict up to eight enemies at once.))


Message History

The jumping spider bites you but does no damage.
The wall freezes the redback.
The redback barely misses you.
The wall freezes the jumping spider but does no damage.
The wall freezes the orb spider but does no damage.
The wall freezes the wolf spider.
You struggle to detach yourself from the web.
The wall freezes the jumping spider.
You kill the jumping spider!
Okawaru accepts your kill.
The wall freezes the jumping spider.
The jumping spider pounces on you!
* * * LOW HITPOINT WARNING * * *
The jumping spider bites you but does no damage.
The wall freezes the redback.
You kill the redback!
Okawaru accepts your kill.
The demonic crawler completely resists.
The wall freezes the demonic crawler but does no damage.
The wall freezes the jumping spider.
The jumping spider closely misses you. The jumping spider bites you.
* * * LOW HITPOINT WARNING * * *
The wall freezes the wolf spider.
The wolf spider hits you but does no damage.
The wolf spider closely misses you.
The wall freezes the orb spider.
The wall freezes the jumping spider.
The jumping spider pounces on you.
* * * LOW HITPOINT WARNING * * *
You are even more entangled.
The jumping spider bites you but does no damage.
As you read the scroll of teleportation, it crumbles to dust.
You feel strangely unstable.
The wall freezes the jumping spider.
The jumping spider pounces on you!
* * * LOW HITPOINT WARNING * * *
You are even more entangled.
The jumping spider bites you but does no damage.
The wall freezes the wolf spider.
The wolf spider hits you but does no damage.
The wolf spider misses you.
The demonic crawler completely resists.
The wall freezes the demonic crawler but does no damage.
The demonic crawler hits you but does no damage.
The demonic crawler hits you!
You die...

......................#...#......
...#..........#......,,,,**^,**,,
...#........###...........,,,****
..##..##..................,,,*
..#...#.........#**,......,,,*
.###..##..#....## *#......,,**
.#.....#..###.#####.......,,,*
............##..ss#.......,,,*
.............#.^Ys.s.#....,,**
...............s##......^#***
....#......#..####........*
...........####*,........#*
..#.....#...#*,^........## ***
.#............,.#..s#:...# **,*
##...........#....s...!.##****,^,
*,,,,,,,,*,,..,.s...,...#*,***,,
**,,,,,,,,,s.,○......#.^#,,,,*,,


You could see a demonic crawler, a wolf spider, an orb spider and 2 jumping
spiders.

Vanquished Creatures
  An Ice Fiend (IceCv)
  Kirke (D:14)
  Agnes (Spider:1)
  Azrael (D:12)
  2 entropy weavers
  The ghost of Reiness the Fighter, a journeyman BaSk of Qazlal (Lair:2)
  Josephine (Orc:2)
  The ghost of Gueqirch the Cleaver, a journeyman HOMo of Beogh (Lair:2)
  2 boulder beetles
  Erolcha (Orc:1)
  4 catoblepae
  Erica (D:11)
  13 hydras
  An ogre mage (D:14)
  A centaur warrior (D:13)
  The ghost of Celiop the Carver, a novice DgDe (Lair:2)
  6 two-headed ogres
  A tengu warrior (D:15)
  13 death yaks
  6 orc high priests (Orc:2)
  A deep elf knight (D:14)
  A vampire mage (D:15)
  Nergalle (D:11)
  Urug (D:11)
  A storm dragon skeleton (D:15)
  A skeletal warrior (D:15)
  3 unseen horrors
  A bog body (Lair:2)
  6 orc knights
  A deep elf pyromancer (D:12)
  3 deep elf zephyrmancers (D:14)
  A necromancer (D:15)
  Pikel (D:5)
  A sphinx zombie (D:15)
  An orb spider (Lair:4)
  A tengu skeleton (D:15)
  An oklob plant (Lair:2)
  5 manticores
  6 wolf spiders
  3 cyclopes
  13 ugly things
  9 black mambas
  5 centaur zombies
  12 cane toads
  An ice statue (IceCv)
  A torpor snail (Lair:6)
  Maggie (D:8)
  2 centaur skeletons (D:12)
  A gargoyle (D:14)
  3 rime drakes
  An efreet (D:15)
  6 ice devils (IceCv)
  3 yaktaurs (D:14)
  7 komodo dragons
  4 anaconda simulacra (IceCv)
  4 freezing wraiths (IceCv)
  A golden dragon simulacrum (IceCv)
  A guardian mummy (D:15)
  A meliai (shapeshifter) (D:14)
  3 jumping spiders (Spider:1)
  5 trolls
  6 polar bears
  A raiju (shapeshifter) (D:13)
  11 blink frogs
  13 dream sheep (Lair:6)
  A hornet (Lair:4)
  Prince Ribbit (D:9)
  11 slime creatures
  An ettin zombie (D:15)
  8 redbacks (Spider:1)
  4 centaur simulacra
  4 dire elephant simulacra (IceCv)
  2 tarantellas (Spider:1)
  6 wyverns
  57 yaks
  2 shadows
  3 hogs (D:14)
  8 wraiths
  A fire bat (shapeshifter) (D:14)
  7 basilisks
  4 fire elementals (D:12)
  10 vampire mosquitoes
  A steam dragon (D:9)
  3 iron troll simulacra (IceCv)
  A warg (Orc:1)
  2 harpy simulacra (IceCv)
  5 acid dragons
  2 hell hounds (D:12)
  17 water moccasins
  4 hydra simulacra (IceCv)
  8 sky beasts
  3 black bears (D:11)
  33 orc warriors
  An ettin simulacrum (IceCv)
  4 ice beasts
  17 ogres
  3 necrophages
  13 centaurs
  3 phantoms
  2 lemures (D:5)
  30 bullfrogs
  A wyvern zombie (D:14)
  3 scorpions
  7 killer bees
  14 wights
  An electric eel (Lair:6)
  A howler monkey (D:6)
  3 jellies
  A crimson imp (D:7)
  8 hounds
  33 orc priests
  4 quasits
  A draconian simulacrum (IceCv)
  5 iguanas
  8 worker ants
  18 orc wizards
  A polar bear simulacrum (IceCv)
  3 troll simulacra (IceCv)
  A spriggan simulacrum (IceCv)
  A wolf simulacrum (IceCv)
  3 hound zombies
  3 hound skeletons
  A worker ant zombie (D:10)
  3 ogre simulacra (IceCv)
  12 adders
  4 naga simulacra (IceCv)
  A shadow imp (D:6)
  5 white imps
  7 ufetubi (IceCv)
  3 oozes
  4 worms
  6 dart slugs
  5 leopard geckos
  99 orcs
  6 giant cockroaches
  4 goblins
  14 hobgoblins
  8 jackals
  6 quokkas
  6 bats
  5 frilled lizards
  A jackal zombie (D:8)
  7 kobolds
  13 rats
  3 bushes (Lair:2)
839 creatures vanquished.

Vanquished Creatures (others)
  4 humans (D:14)
  2 bushes (Lair:5)
  64 fungi
  86 plants
  8 withered plants
164 creatures vanquished.

Grand Total: 1003 creatures vanquished

Notes
Turn   | Place    | Note
-------+----------+-------------------------------------------
     0 | D:1      | tilp the Octopode Transmuter began the quest for the Orb.
     0 | D:1      | Reached XP level 1. HP: 13/13 MP: 3/3
    61 | D:1      | Reached skill level 1 in Stealth
   551 | D:1      | Reached XP level 2. HP: 16/18 MP: 5/5
   554 | D:1      | Learned a level 2 spell: Wereblood
  1262 | D:1      | Reached XP level 3. HP: 16/23 MP: 6/6
  1266 | D:1      | Learned a level 3 spell: Spider Form
  2145 | D:2      | Reached XP level 4. HP: 12/28 MP: 7/7
  2703 | D:2      | Found a sparkling altar of Nemelex Xobeh.
  2746 | D:2      | Found a stormy altar of Qazlal.
  3378 | D:3      | Reached skill level 4 in Unarmed Combat
  3549 | D:3      | Reached XP level 5. HP: 26/34 MP: 8/8
  3829 | D:3      | Found a faded altar of an unknown god.
  4177 | D:4      | Identified the +3 whip "Ulumumuq" {speed, +Inv Str+4 Int-4}
  4473 | D:4      | Reached skill level 5 in Unarmed Combat
  4473 | D:4      | Reached XP level 6. HP: 20/41 MP: 6/9
  5607 | D:4      | Reached skill level 6 in Unarmed Combat
  5607 | D:4      | Reached XP level 7. HP: 47/47 MP: 10/10
  6508 | D:5      | Entered Level 5 of the Dungeon
  6667 | D:5      | Noticed Pikel
  6686 | D:5      | Killed Pikel
  6687 | D:5      | Reached XP level 8. HP: 23/54 MP: 9/13
  6799 | D:5      | Found a hazy altar of Hepliaklqana.
  7403 | D:5      | Reached skill level 5 in Transmutations
  7798 | D:6      | Found a hide-covered altar of Uskayaw.
  7941 | D:6      | Found Porghiena's Distillery.
  7946 | D:6      | Bought a potion of heal wounds for 55 gold pieces
  8315 | D:6      | Reached XP level 9. HP: 46/59 MP: 13/15
  8645 | D:6      | Identified the +5 hand axe of Premature Burial {vorpal,
                  | Int+4 Dex+6 Stlth+}
  8670 | D:6      | Found Atapuvin's Distillery.
  8707 | D:6      | Bought a potion of heal wounds for 60 gold pieces
  8707 | D:6      | Bought a potion of curing for 36 gold pieces
  8737 | D:6      | Found Cuodghou's Magic Scroll Shop.
  8740 | D:6      | Bought a scroll of magic mapping for 42 gold pieces
  8795 | D:6      | Found Uloyq's Weapon Emporium.
  8910 | D:6      | Bought a potion of curing for 33 gold pieces
  8927 | D:6      | Learned a level 4 spell: Ice Form
  9073 | D:7      | Reached skill level 7 in Unarmed Combat
  9148 | D:6      | Bought a scroll of identify for 24 gold pieces
  9448 | D:7      | Learned a level 1 spell: Corona
  9450 | D:7      | Learned a level 1 spell: Apportation
  9553 | D:7      | Found a burning altar of Makhleb.
  9554 | D:7      | Found a radiant altar of Vehumet.
 10070 | D:7      | Found a staircase to the Ecumenical Temple.
 10076 | Temple   | Entered the Ecumenical Temple
 10180 | Temple   | Became a worshipper of Warmaster Okawaru
 10367 | D:8      | Reached skill level 5 in Fighting
 10540 | D:8      | Noticed Maggie
 10546 | D:8      | Reached skill level 5 in Dodging
 10775 | D:8      | Killed Maggie
 10775 | D:8      | Reached * piety under Okawaru
 10776 | D:8      | Reached skill level 8 in Unarmed Combat
 11205 | D:8      | Reached skill level 1 in Invocations
 11514 | D:8      | Reached XP level 10. HP: 49/68 MP: 9/16
 11704 | D:9      | Reached ** piety under Okawaru
 11846 | D:9      | Found a broken altar of Ashenzari.
 11958 | D:9      | Reached skill level 1 in Ice Magic
 12185 | D:9      | Noticed a two-headed ogre
 12291 | D:9      | Noticed Prince Ribbit
 12300 | D:9      | Noticed a two-headed ogre
 12302 | D:9      | Killed Prince Ribbit
 12495 | D:9      | Found a basalt altar of Yredelemnul.
 13026 | D:9      | Found a white marble altar of Elyvilon.
 13196 | D:9      | Found an ancient bone altar of Kikubaaqudgha.
 13203 | D:9      | Killed a two-headed ogre
 13203 | D:9      | Reached *** piety under Okawaru
 13427 | D:9      | Noticed a two-headed ogre
 13433 | D:9      | Killed a two-headed ogre
 13545 | D:9      | Found an ornate altar of the Wu Jian Council.
 13656 | D:9      | Killed a two-headed ogre
 13656 | D:9      | Reached **** piety under Okawaru
 13657 | D:9      | Reached XP level 11. HP: 74/74 MP: 12/17
 13766 | D:9      | Reached skill level 9 in Unarmed Combat
 14098 | D:10     | Entered Level 10 of the Dungeon
 14269 | D:10     | Found a staircase to the Orcish Mines.
 14594 | D:10     | Noticed an unseen horror
 14596 | D:10     | Killed an unseen horror
 15257 | D:10     | Identified a scroll of acquirement
 15257 | D:10     | Acquired a book of Frost
 15264 | D:10     | Learned a level 3 spell: Frozen Ramparts
 15383 | D:11     | Noticed Nergalle
 15687 | D:11     | Found a staircase to the Lair.
 15915 | D:11     | Reached ***** piety under Okawaru
 15972 | D:11     | Found a bloodstained altar of Trog.
 15982 | D:11     | Reached skill level 10 in Unarmed Combat
 16067 | D:11     | Noticed Erica
 16080 | D:11     | Killed Erica
 16118 | D:10     | Learned a level 3 spell: Ozocubu's Armour
 16711 | D:11     | Killed Nergalle
 16711 | D:11     | Received a gift from Okawaru
 16959 | D:11     | Noticed Urug
 17109 | D:11     | Found a sacrificial altar of Ru.
 17913 | Lair:1   | Entered Level 1 of the Lair of Beasts
 18210 | Lair:1   | Noticed a four-headed hydra
 18221 | Lair:1   | Reached skill level 5 in Spellcasting
 18225 | Lair:1   | Killed a four-headed hydra
 18226 | Lair:1   | Reached XP level 12. HP: 46/82 MP: 11/20
 18620 | Lair:1   | Reached skill level 5 in Ice Magic
 18783 | Lair:1   | Learned a level 5 spell: Blade Hands
 19724 | Lair:2   | Reached skill level 5 in Invocations
 19739 | Lair:2   | Found a staircase to the Swamp.
 19760 | Lair:2   | Reached skill level 5 in Evocations
 19947 | Lair:2   | Received a gift from Okawaru
 20090 | Lair:2   | Found a blossoming altar of Fedhas.
 20177 | Lair:2   | Found a runed translucent gate.
 20177 | Lair:2   | Found a runed translucent gate.
 20177 | Lair:2   | Found a runed translucent gate.
 20256 | Lair:2   | Noticed Reiness's ghost (journeyman BaSk)
 20256 | Lair:2   | Noticed Celiop's ghost (novice DgDe)
 20257 | Lair:2   | Noticed Gueqirch's ghost (journeyman HOMo)
 21089 | Lair:2   | Found the +4 Cigotuvi's embrace {rMiasma *Drain rN+}
 22208 | Lair:3   | Noticed a five-headed hydra
 22219 | Lair:3   | Killed a five-headed hydra
 22927 | Lair:4   | Received a gift from Okawaru
 22935 | Lair:4   | Reached XP level 13. HP: 76/89 MP: 14/22
 23710 | Lair:4   | Reached skill level 11 in Unarmed Combat
 23754 | Lair:4   | Identified the +2 hat of Poor Excuses {Harm rF+ Str+2}
                  | (Okawaru gifted it to you on level 4 of the Lair of Beasts)
 23754 | Lair:4   | Received a gift from Okawaru
 24215 | Lair:4   | Found a hole to the Spider Nest.
 24705 | Lair:5   | Reached skill level 10 in Fighting
 24818 | Lair:5   | Reached skill level 12 in Unarmed Combat
 25311 | Lair:5   | You fall into a shaft and drop 1 floor!
 25311 | Lair:6   | Entered Level 6 of the Lair of Beasts
 25621 | Lair:5   | Received a gift from Okawaru
 25689 | Lair:5   | Found a staircase to the Slime Pits.
 25816 | Lair:5   | Reached skill level 1 in Shields
 26546 | Lair:6   | Reached XP level 14. HP: 70/99 MP: 2/23
 27917 | Lair:6   | Reached skill level 13 in Unarmed Combat
 27920 | Lair:6   | Received a gift from Okawaru
 28554 | Lair:6   | Reached skill level 10 in Dodging
 29106 | Lair:6   | Reached ****** piety under Okawaru
 29415 | Lair:6   | Identified the Grimoire of the Supportive Traveller
 29419 | Lair:6   | Identified the Incunabulum of Intoxication and Displacement
 29445 | Lair:6   | Learned a level 2 spell: Blink
 29686 | Orc:1    | Entered Level 1 of the Orcish Mines
 29946 | Orc:2    | Entered Level 2 of the Orcish Mines
 29952 | Orc:2    | Reached skill level 1 in Translocations
 29953 | Orc:2    | Noticed Erolcha
 29968 | Orc:1    | Killed Erolcha
 30032 | Orc:2    | Noticed Josephine
 30289 | Orc:2    | Killed Josephine
 30290 | Orc:2    | Reached skill level 14 in Unarmed Combat
 30291 | Orc:2    | Received a gift from Okawaru
 30452 | Orc:1    | Reached XP level 15. HP: 64/108 MP: 12/24
 30980 | Orc:2    | Found Ziyhudgh's Distillery.
 31078 | Orc:2    | Found Patobedu's Weapon Shop.
 31122 | Orc:2    | Found a staircase to the Elven Halls.
 31489 | Orc:2    | Found Ebyxkeil's Weapon Shoppe.
 31585 | Orc:2    | Found Queh's Distillery.
 33996 | Orc:2    | Reached skill level 15 in Unarmed Combat
 34343 | Orc:2    | Found Addiskul's Book Boutique.
 34343 | Orc:2    | Found Zokuon's Jewellery Boutique.
 34344 | Orc:2    | Found Nixt's Jewellery Shop.
 34344 | Orc:2    | Found Meajismumao's Weapon Boutique.
 34352 | Orc:2    | Bought a ring of willpower for 275 gold pieces
 34357 | Orc:2    | Bought a +4 ring of protection for 540 gold pieces
 34357 | Orc:2    | Bought a ring of poison resistance for 300 gold pieces
 34359 | Orc:2    | Bought the ring "Lagheh" {Will+ EV+4} for 729 gold pieces
 34445 | Orc:2    | Bought a potion of heal wounds for 65 gold pieces
 34445 | Orc:2    | Bought a potion of curing for 39 gold pieces
 34445 | Orc:2    | Bought a potion of curing for 39 gold pieces
 34577 | D:11     | Killed Urug
 34782 | D:6      | Bought a potion of might for 48 gold pieces
 34782 | D:6      | Bought a potion of might for 48 gold pieces
 35494 | Orc:2    | Bought 3 curare-tipped darts for 25 gold pieces
 35750 | D:12     | Noticed Azrael
 35759 | D:12     | Killed Azrael
 36416 | D:12     | Reached skill level 10 in Invocations
 36687 | D:12     | Upgraded the game from 0.27-a0-631-g2d681adce0 to
                  | 0.27-a0-637-g3a9f0a9c12
 38137 | D:13     | Acquired 670 gold pieces
 38456 | D:14     | Noticed Kirke
 38464 | D:14     | Killed Kirke
 38494 | D:14     | Received a gift from Okawaru
 38805 | D:14     | Received a gift from Okawaru
 39142 | D:14     | Found a runed translucent door.
 39145 | D:14     | Noticed a sphinx
 39146 | D:14     | Noticed a tengu reaver
 39296 | D:14     | Found an ornate altar of the Wu Jian Council.
 39341 | D:14     | Found a large runed translucent door.
 39341 | D:14     | Found a large runed translucent door.
 39438 | D:14     | Reached skill level 10 in Transmutations
 39951 | D:14     | Reached XP level 16. HP: 114/114 MP: 13/25
 40219 | D:14     | Reached skill level 5 in Stealth
 40254 | D:14     | Found a gate to the Vaults.
 40533 | D:15     | Entered Level 15 of the Dungeon
 40877 | D:15     | Found a staircase to the Depths.
 41134 | D:15     | Identified the +6 lajatang of Okawaru's Whim {drain, rElec
                  | rN+ Int-4 Dex+3} (Okawaru gifted it to you on level 15 of
                  | the Dungeon)
 41134 | D:15     | Received a gift from Okawaru
 41144 | D:15     | HP: 3/116 [barbs]
 42608 | Orc:2    | Bought a ring of positive energy for 220 gold pieces
 42608 | Orc:2    | Bought a ring of resist corrosion for 220 gold pieces
 42910 | Lair:2   | Killed Reiness's ghost
 42921 | Lair:2   | Killed Gueqirch's ghost
 42925 | Lair:2   | Killed Celiop's ghost
 43286 | Spider:1 | Entered Level 1 of the Spider Nest
 43299 | Spider:1 | Noticed Agnes
 43310 | Spider:1 | Killed Agnes
 43970 | Spider:1 | Found a frozen archway.
 43979 | IceCv    | Entered an ice cave
 44908 | IceCv    | Received a gift from Okawaru
 45106 | IceCv    | Noticed an Ice Fiend
 45122 | IceCv    | Killed an Ice Fiend
 45297 | IceCv    | Identified the -1 pair of boots "Etiq" {rF+ SInv}
 45684 | Spider:1 | Received a gift from Okawaru
 45700 | Spider:1 | HP: 7/140 [jumping spider (10)]
 45700 | Spider:1 | Slain by a demonic crawler

Illustrated notes

Levels and vault maps discovered:
D:1:      evilmike_arrival_plus, layout_loops_corners, minmay_3d_cube
D:2:      layout_rooms, lemuel_doored_altar, nicolae_qazlal_general_emergency
D:3:      layout_loops_ring, chequers_ecumenical_altar_island
D:4:      layout_basic, kennysheep_minor_cross
D:5:      cheibrodos_quashed, layout_rooms, nzn_hepliaklqana_mist_gate,
          kennysheep_generic_room_15, uniq_pikel
D:6:      layout_loops_ring, serial_shops, shop, shop, kennysheep_mini,
          kennysheep_mini_moat, basic_altar, minmay_fractal_squares_diagonal_5
D:7:      layout_loops_corners, grunt_temple_overflow_lords_of_destruction,
          minmay_temple_entry_fiery
D:8:      layout_cave_pools, uniq_maggie
D:9:      layout_roguey, kennysheep_ying_yang, general_overflow_altar,
          old_standard_altar, ashenzari_altar_1, minmay_puff,
          uniq_prince_ribbit1
D:10:     layout_loops_ring, orc_0_dummy
D:11:     layout_roguey, due_lair_maze_entry_diamond, hangedman_feature_mirror,
          uniq_nergalle, uniq_erica, uniq_urug
D:12:     layout_irregular_city, uniq_azrael
D:13:     layout_long_grid, serial_rivers, chequers_serial_rivers_room_a,
          chequers_serial_rivers_small_b, chequers_serial_rivers_room_a,
          chequers_serial_rivers_large_b, chequers_serial_rivers_micro_d,
          chequers_serial_rivers_micro_b, drop_trap
D:14:     doesnt_quadruple_sword, layout_rooms,
          hangedman_vaults_entry_quadrant_bands,
          nicolae_wu_jian_immortal_techniques, serial_curves, eino_curves_01,
          eino_curves_02, kennysheep_treasure_room, uniq_kirke
D:15:     gammafunk_depths_entry_grave, layout_cave_pools,
          hangedman_abyss_or_decor_stabs, minivault_19
Temple:   hc_temple_tempest_star
Lair:1:   layout_chaotic_city, grunt_megastairs_5, infiniplex_staircase_pool_2
Lair:2:   layout_misc_corridors, skrybe_swamp_entry_bodies,
          gammafunk_ghost_cemetery, tgw_fedhas, serial_bayou_shore_b
Lair:3:   layout_cave_pods, grunt_megastairs_1
Lair:4:   layout_big_grid, nicolae_spider_entry_orb_guardian, enter_volcano_1,
          beast_lair_carwin_5
Lair:5:   layout_cellular_growth, dpeg_slime_entry_corner
Lair:6:   evilmike_catoblepas_cave, layout_regular_city,
          nicolae_quartered_pool_medium, lemuel_fruit_tree, grunt_megastairs_2
Spider:1: layout_spider_delve, portal_ice_cave_entry_ugly_swarm, hive_lemuel,
          uniq_agnes
Orc:1:    layout_diamond_mine
Orc:2:    st_orc_pillars, layout_caves, serial_shops, shop, nicolae_shop_trees,
          nicolae_shop_trees, shop_fountains, uniq_erolcha, uniq_josephine

Skill      XL: |  1  2  3  4  5  6  7  8  9 10 11 12 13 14 15 16 |
---------------+-------------------------------------------------+-----
Stealth        | 2 3 4 8 |  8.0
Unarmed Combat | 4 5 6 8 10 12 14 15 | 15.8
Fighting       | 2 3 4 6 8 10 12 13 | 13.1
Spellcasting   | 3 4 5 6 |  6.0
Transmutations | 4 6 8 10 | 10.0
Poison Magic   | 2 |  2.0
Dodging        | 3 6 8 10 11 | 11.4
Invocations    | 2 4 8 10 | 10.0
Ice Magic      | 2 4 6 |  6.0
Evocations     | 4 6 8 |  8.0
Shields        | 4 |  4.0
Translocations | 2 |  2.0

Action                   |  1- 3 |  4- 6 |  7- 9 | 10-12 | 13-15 | 16-18 || total
-------------------------+-------+-------+-------+-------+-------+-------++-------
Melee: Unarmed           |    80 |   120 |   253 |   449 |   789 |   430 ||  2121
       Constrict         |    24 |    36 |    28 |     3 |    14 |     6 ||   111
       Tentacles         |    14 |    26 |    23 |     9 |    38 |    30 ||   140
       Kick              |     1 |    17 |    26 |     6 |       |       ||    50
       Punch             |       |     2 |     6 |     3 |    18 |    24 ||    53
Throw: Stone             |       |     8 |       |       |       |       ||     8
       Dart              |       |    11 |    10 |     5 |     7 |       ||    33
       Boomerang         |       |       |     4 |       |       |       ||     4
 Cast: Beastly Appendage |     6 |    17 |    21 |     4 |       |       ||    48
       Wereblood         |     2 |     6 |     8 |    16 |    47 |    18 ||    97
       Spider Form       |       |       |    20 |    10 |       |       ||    30
       Corona            |       |       |     2 |     6 |     5 |     7 ||    20
       Ice Form          |       |       |       |    56 |    91 |    26 ||   173
       Frozen Ramparts   |       |       |       |     2 |    54 |     6 ||    62
       Ozocubu's Armour  |       |       |       |     2 |    56 |    20 ||    78
       Blade Hands       |       |       |       |       |    18 |     8 ||    26
Invok: Heroism           |       |       |       |    18 |    37 |     8 ||    63
       Finesse           |       |       |       |       |     2 |     1 ||     3
 Abil: End Transformatio |       |       |     1 |       |       |       ||     1
Evoke: Wand              |       |       |       |     8 |     9 |     1 ||    18
  Use: Scroll            |     2 |    10 |     7 |     7 |     9 |     4 ||    39
       Potion            |       |       |     5 |     2 |     2 |     1 ||    10
 Stab: Sleeping          |    10 |    12 |    18 |     5 |     5 |     4 ||    54
       Distracted        |       |       |       |       |     2 |     1 ||     3
Armor: Skin              |     7 |     1 |    10 |    38 |   155 |   154 ||   365
Dodge: Dodged            |    41 |    50 |   143 |   212 |   544 |   343 ||  1333
Block: Other             |       |       |    21 |    61 |       |       ||    82
       Reflection        |       |       |       |     4 |       |       ||     4
       Buckler           |       |       |       |       |     5 |     2 ||     7

Table legend: (Time is in decaauts)
 A = Elapsed time spent in this place.
 B = Non-inter-level travel time spent in this place.
 C = Inter-level travel time spent in this place.
 D = Time resting spent in this place.
 E = Time spent auto-exploring this place.
 F = Levels seen in this place.
 G = Mean time per level.
                   A        B        C        D        E       F      G
               +--------+--------+--------+--------+--------+-----+--------+
         Total |  45315 |  41956 |   3359 |  12967 |  23145 |  26 | 1742.9 |
       Dungeon |  25690 |  23543 |   2147 |   6303 |  14028 |  15 | 1712.7 |
        Temple |    116 |     94 |     22 |      0 |     92 |   1 |  116.0 |
          Lair |  12703 |  12085 |    618 |   3958 |   6573 |   6 | 2117.2 |
   Spider Nest |    192 |    192 |      0 |      0 |    108 |   1 |  192.0 |
  Orcish Mines |   5090 |   4519 |    571 |   2202 |   1576 |   2 | 2545.0 |
      Ice Cave |   1521 |   1521 |      0 |    503 |    768 |   1 | 1521.0 |
               +--------+--------+--------+--------+--------+-----+--------+

Top non-repeatable levels by time:
  Lair:6: 3044 daAuts
    D:14: 2693 daAuts
     D:9: 2676 daAuts
   Orc:1: 2582 daAuts
   Orc:2: 2508 daAuts
  Lair:4: 2256 daAuts
  Lair:2: 2201 daAuts
    D:11: 2142 daAuts
     D:4: 1957 daAuts
  Lair:3: 1824 daAuts
    D:12: 1796 daAuts
     D:1: 1773 daAuts
  Lair:5: 1723 daAuts
  Lair:1: 1653 daAuts
    D:10: 1644 daAuts
